 Dungeon Crawl Stone Soup version 0.20.0-15-g7f486f2 (webtiles) character file.

199 dvd the Cudgeler (level 5, 0/53 HPs)
             Began as a Troll Monk on June 17, 2017.
             Succumbed to an orc wizard's poison
             ... on level 3 of the Dungeon.
             The game lasted 00:05:50 (1867 turns).

dvd the Cudgeler (Troll Monk)                       Turns: 1867, Time: 00:05:50

Health: 0/53       AC:  6    Str: 23    XL:     5   Next: 48%
Magic:  4/4        EV: 11    Int:  6    God:
Gold:   120        SH:  0    Dex: 13    Spells: 4/4 levels left

rFire    . . .     SeeInvis .   a - +0 mace
rCold    . . .     Gourm    +   (no shield)
rNeg     . . .     Faith    .   b - +0 robe
rPois    .         Spirit   .   (helmet restricted)
rElec    .         Reflect  .   i - +0 cloak
rCorr    .         Harm     .   (gloves unavailable)
MR       .....                  (boots unavailable)
Stlth    ++........             o - amulet of inaccuracy (curse)
Regen    0.6/turn               e - +4 ring of strength
MPRegen  0.1/turn               (no ring)

@: lethally poisoned (0 -> -9), flying, hasted, very quick
A: unfitting armour, claws 3, fast metabolism 3, gourmand, regeneration 1,
shaggy fur 1, tough skin 2
a: no special abilities


You were on level 3 of the Dungeon.
You were very full.

You visited 1 branch of the dungeon, and saw 3 of its levels.

You collected 120 gold pieces.

Inventory:

Hand Weapons
 a - a +0 mace (weapon)
Armour
 b - a +0 robe (worn)
 i - a +0 cloak (worn)
 j - a scarf of cloud immunity
Jewellery
 e - a +4 ring of strength (left claw)
 o - a cursed amulet of inaccuracy (around neck)
Scrolls
 d - 5 scrolls of identify
 f - a scroll of remove curse {unknown}
 l - a scroll of fear {unknown}
 n - a scroll of teleportation {unknown}
Potions
 h - a potion of flight
Comestibles
 c - 4 bread rations
 k - 7 chunks of flesh


   Skills:
 + Level 3.0 Fighting
 + Level 4.5 Maces & Flails
 + Level 3.2 Dodging
 + Level 1.2 Stealth


You had 4 spell levels left.
You didn't know any spells.

Dungeon Overview and Level Annotations

Branches:
Dungeon (3/15)

Altars:
The Shining One


Innate Abilities, Weirdness & Mutations

You are too large for most types of armour.
You have claws for hands.
Your metabolism is lightning-fast.
You like to eat raw meat.
Your natural rate of healing is unusually fast.
You are covered in fur. (AC +1)
You have very tough skin. (AC +2)


Message History

You hit something but do no damage.
* * * LOW HITPOINT WARNING * * *
You feel sick. Something hits you but does no damage.
You completely miss something.
* * * LOW HITPOINT WARNING * * *
You feel sick. Something hits you.
* * * LOW HITPOINT WARNING * * *
You are more poisoned.
You miss something.
* * * LOW HITPOINT WARNING * * *
You feel sick.
You miss something.
* * * LOW HITPOINT WARNING * * *
You feel sick.
You hear some strange, mumbled words.
A magic dart appears from out of thin air!
The magic dart hits you!
* * * LOW HITPOINT WARNING * * *
You closely miss something.
You die...

###'#<#.#...#
#............#
#............###.#
#.............##.#
#.............##.#
#....$......#..#.#
##############.#.#
#{#.# #@#.# #...#
######..###
#.........#
#.........#
#.........########
#
#......>..........
#
#.........########
#
#.........'.....#
#


There were no monsters in sight!

Vanquished Creatures
  3 orc wizards
  7 gnolls
  5 leopard geckos
  3 orcs (D:3)
  5 bats
  3 giant cockroaches
  4 goblins
  4 hobgoblins
  5 jackals
  A quokka (D:2)
  A ball python (D:3)
  2 frilled lizards
  6 kobolds
  2 rats (D:1)
51 creatures vanquished.

Notes
Turn   | Place    | Note
-------+----------+-------------------------------------------
     0 | D:1      | dvd the Troll Monk began the quest for the Orb.
     0 | D:1      | Reached XP level 1. HP: 22/22 MP: 0/0
   145 | D:1      | Reached XP level 2. HP: 25/29 MP: 1/1
   311 | D:1      | Reached skill level 3 in Maces & Flails
   571 | D:1      | You fall through a shaft!
   636 | D:2      | Reached XP level 3. HP: 12/36 MP: 2/2
   772 | D:2      | Found a glowing golden altar of the Shining One.
  1106 | D:2      | Reached XP level 4. HP: 43/44 MP: 3/3
  1442 | D:2      | Reached skill level 4 in Maces & Flails
  1707 | D:3      | Reached XP level 5. HP: 39/53 MP: 4/4
  1865 | D:3      | HP: 2/53 [poisoned by an orc wizard]
  1867 | D:3      | Succumbed to an orc wizard's poison

Skill      XL: |  1  2  3  4 |
---------------+-------------+-----
Maces & Flails | 3 4 |  4.5
Fighting       | 3 |  3.0
Dodging        | 3 |  3.2
Stealth        | |  1.2

Action                   |  1- 3 |  4- 6 || total
-------------------------+-------+-------++-------
Melee: Mace              |   172 |   115 ||   287
  Use: Potion            |     1 |     6 ||     7
       Scroll            |     1 |       ||     1
 Stab: Sleeping          |     3 |     1 ||     4
  Eat: Chunk             |    16 |     7 ||    23
Armor: Robe              |   111 |    41 ||   152
Dodge: Dodged            |   138 |    57 ||   195
